 Dungeon Crawl Stone Soup version 0.29.1-15-g9cfb28693d (webtiles) character file.

Game seed: 2658287854163938061

284 McKennaii the Digger (level 5, 0/38 HPs)
             Began as a Demigod Earth Elementalist on Mar 2, 2023.
             Killed by miscasting Stone Arrow (7 damage)
             ... on level 2 of the Dungeon.
             The game lasted 00:03:48 (2786 turns).

McKennaii the Digger (Demigod Earth Elementalist)   Turns: 2786, Time: 00:03:49

Health: 0/38       AC:  4    Str:  9    XL:     5   Next: 79%
Magic:  1/14       EV: 12    Int: 21    God:
Gold:   214        SH:  0    Dex: 14    Spells: 8/12 levels left

rFire   + . .      SeeInvis .   q - +5 whip of Action {holy, rF+ rC+}
rCold   + . .      Faith    .   (no shield)
rNeg    . . .      Spirit   .   a - +0 robe
rPois   .          Reflect  .   (no helmet)
rElec   .          Harm     .   d - +0 cloak
rCorr   .          Rampage  .   (no gloves)
Will    .....                   j - +0 pair of boots
Stlth   ++........              (no amulet)
HPRegen 0.12/turn               (no ring)
MPRegen 0.14/turn               (no ring)

@: very slightly contaminated
A: high MP 1, forlorn, divine attributes
a: no special abilities


You were on level 2 of the Dungeon.
You visited 1 branch of the dungeon, and saw 4 of its levels.

You collected 214 gold pieces.

Inventory:

Hand Weapons
 h - a +3 spear
 q - the +5 whip of Action (weapon) {holy, rF+ rC+}
   (You found it on level 2 of the Dungeon)

   It has been blessed by the Shining One to cause great damage to the undead
   and demons.
   rF:        It protects you from fire.
   rC:        It protects you from cold.
Armour
 a - a +0 robe (worn)
 d - a +0 cloak (worn)
 j - a +0 pair of boots (worn)
Wands
 n - a wand of flame (9)
Scrolls
 c - a scroll of enchant weapon {unknown}
 f - 4 scrolls of identify {unknown}
 k - 5 scrolls of teleportation {unknown}
 l - a scroll of amnesia {unknown}
 p - 2 scrolls of enchant armour {unknown}
 r - 2 scrolls of vulnerability {unknown}
 s - 2 scrolls of fog {unknown}
 u - a scroll of noise {unknown}
 v - a scroll of torment {unknown}
 w - a scroll of fear {unknown}
Potions
 b - a potion of magic
 e - a potion of cancellation {unknown}
 g - a potion of brilliance {unknown}
 i - 7 potions of curing
 m - a potion of berserk rage {unknown}
 o - 2 potions of might {unknown}
 t - 2 potions of heal wounds {unknown}


   Skills:
 - Level 1.7 Dodging
 - Level 1.7 Stealth
 + Level 4.0 Spellcasting
 - Level 0.8 Transmutations
 + Level 4.8 Earth Magic


You had 8 spell levels left.
You knew the following spells:

 Your Spells              Type           Power      Damage    Failure   Level
a - Sandblast             Erth           48%        2d12      1%          1
b - Stone Arrow           Conj/Erth      28%        3d8       14%         3

Your spell library contained the following spells:

 Spells                   Type           Power      Damage    Failure   Level
 Passwall                 Tmut/Erth      13%        N/A       5%          2
 Blink                    Tloc           8%         N/A       19%         2
 Lesser Beckoning         Tloc           4%         N/A       34%         3
 Petrify                  Tmut/Erth      16%        N/A       36%         4
 Manifold Assault         Tloc           4%         N/A       97%         5


Dungeon Overview and Level Annotations

Branches:
Dungeon (4/15)
 Temple: D:4-7

Shops:
D:1 [(!(*

Annotations:
D:3 Sigmund


Innate Abilities, Weirdness & Mutations

You have an increased reservoir of magic. (+10% MP)
You shall have no god before yourself.
Your divine heritage dramatically boosts your attributes as you level up.


Message History

The orc misses you. The scorpion completely misses you.
The blast of sand hits the orc but does no damage.
The orc is moderately wounded.
An orc wizard comes into view. It is wielding a +0 dagger.
The orc hits you with a +0 vorpal hand axe.
The scorpion barely misses you. x2
The orc hits you with a +0 vorpal hand axe.
The orc wizard moves out of view.
The scorpion stings you. The orc closely misses you.
You climb upwards.
Level annotation: Sigmund
There is a stone staircase leading down here.
Unknown command.
The orc misses you. The scorpion attacks as you move away!
The scorpion barely misses you.
There is a stone staircase leading up here.
The scorpion stings you.
The orc hits you with a +0 vorpal hand axe.
* * * LOW HITPOINT WARNING * * *
x2 You climb upwards.
There is a stone staircase leading down here.
The scorpion closely misses you. The scorpion attacks as you move away!
The scorpion stings you.
* * * LOW HITPOINT WARNING * * *
You are lethally poisoned!
The scorpion poisons you!
* * * LOW HITPOINT WARNING * * *
You feel very sick.
Unknown command.
It was a potion of curing.
You feel better. The scorpion misses you.
Casting: Sandblast (safe; 1% risk of failure)
Confirm with . or Enter, or press ? or * to list all spells.
The spell is quite dangerous to miscast (14% risk of failure)!
Continue anyway?
Aiming: Stone Arrow (quite dangerous; 14% risk of failure)
Press: ? - help, Shift-Dir - straight line, f - scorpion
Aim: a scorpion (68% to hit)
You miscast Stone Arrow.
You are very lightly contaminated with residual magic.
Sparks fly from your hands!
You die...

#######.####### ##...........#
.#.#####.###.#################
.#.# #.###.#...............# .#.#
#.....#.#############.# .#.#
##............#.....#.#### .#.#
#.##.#.#.#####.###.#....#
.#.######....#.#.........#.#.##.#
..............os@..###.#.#.#.##.#
.#.......>...#>###.# #.#...#.##.#
.####........#...#.# #.#####.##.#
.####.#..###.###.#.###.......##.#
......#..#...............######.#
.###.......#.####........# #.#
)....#...###.# #........# #..
.#####.......# ##.####### ###
.###.##.##########.# #.


You could see a scorpion and an orc.

Vanquished Creatures
  A scorpion (D:3)
  2 orc priests (D:4)
  9 adders
  A white imp (D:3)
  A worm (D:2)
  3 dart slugs
  An orc (D:4)
  4 bats
  9 endoplasms
  5 giant cockroaches
  8 goblins
  8 hobgoblins
  4 quokkas
  7 ball pythons
  2 frilled lizards (D:3)
  4 kobolds
  5 rats
74 creatures vanquished.

Notes
Turn   | Place    | Note
-------+----------+-------------------------------------------
     0 | D:1      | McKennaii the Demigod Earth Elementalist began the quest
                  | for the Orb.
     0 | D:1      | Reached XP level 1. HP: 14/14 MP: 5/5
    92 | D:1      | Found Mamyxosch's Antique Weapon Shop.
   104 | D:1      | Found Ceen's Distillery.
   222 | D:1      | Found Fioxt's Weapon Emporium.
   370 | D:1      | Reached XP level 2. HP: 20/20 MP: 3/7
   434 | D:1      | Found Winir's Antique Armour Boutique.
   781 | D:1      | Found Deneonuck's Assorted Antiques.
   922 | D:2      | Reached XP level 3. HP: 26/26 MP: 5/9
  1505 | D:2      | Identified the +5 whip of Action {holy, rF+ rC+}
  1663 | D:2      | Reached XP level 4. HP: 33/33 MP: 9/11
  2121 | D:3      | Noticed Sigmund
  2192 | D:3      | Learned a level 3 spell: Stone Arrow
  2353 | D:3      | Reached XP level 5. HP: 38/38 MP: 5/13
  2784 | D:2      | HP: 1/38 [poisoned by a scorpion]
  2786 | D:2      | Killed by miscasting Stone Arrow

Illustrated notes

Levels and vault maps discovered:
D:1:      tarquinn_simple_flora_water_a, layout_rooms,
          shapermc_ecumenical_altar_hornbeckon, serial_shops, shop, shop,
          nicolae_shop_bloodbath_and_beyond, shop, nicolae_shop_crystal,
          minmay_indecisive_spiral
D:2:      layout_basic, minmay_misc_feat_iff
D:3:      layout_rooms, kennysheep_big_empty_room, serial_park_tiny_1,
          minmay_joined_circles, uniq_sigmund
D:4:      layout_loops_ring, elyvilon_altar_3

Skill      XL: |  1  2  3  4  5 |
---------------+----------------+-----
Spellcasting   | 2 3 4 |  4.0
Earth Magic    | 3 4 |  4.8
Dodging        | |  1.7
Stealth        | |  1.7
Transmutations | |  0.8

Action                   |  1- 3 |  4- 6 || total
-------------------------+-------+-------++-------
Melee: Unarmed           |     3 |       ||     3
       Spear             |     4 |       ||     4
       Whip              |     3 |     3 ||     6
 Cast: Sandblast         |    64 |    50 ||   114
  Use: Potion            |       |     1 ||     1
 Stab: Sleeping          |     2 |       ||     2
Armor: Robe              |    12 |     8 ||    20
Dodge: Dodged            |    13 |    29 ||    42
